 Dungeon Crawl Stone Soup version 0.30.0-29-ga12c61a403 (webtiles) character file.

Game seed: 15065581301834256535

1659 seaoflcl the Cudgeller (level 9, 0/67 HPs)
             Began as a Human Fighter on June 5, 2023.
             Was an Initiate of Gozag.
             Slain by Pikel
             ... wielding a +2 whip of freezing
              (6 damage)
             ... on level 7 of the Dungeon.
             The game lasted 00:12:21 (7824 turns).

seaoflcl the Cudgeller (Human Fighter)              Turns: 7824, Time: 00:12:22

Health: 0/67       AC:  0    Str: 20    XL:     9   Next: 20%
Magic:  9/9        EV: 13    Int: 10    God:    Gozag
Gold:   465        SH:  0    Dex: 12    Spells: 8/8 levels left

rFire   . . .        B - melded +4 flail (holy)
rCold   . . .        c - melded +0 buckler
rNeg    . . .        y - melded +0 chain mail
rPois   .            o - melded +0 helmet
rElec   .            (cloak currently unavailable)
rCorr   .            F - melded +0 pair of gloves
SInv    .            (boots currently unavailable)
Will    .....        C - amulet of regeneration
Stlth   +            (ring currently unavailable)
HPRegen 1.11/turn    (ring currently unavailable)
MPRegen 0.11/turn

%: no passive effects
@: pig-form, hasted, very quick
A: fast, no casting, small
a: Renounce Religion, Potion Petition, Call Merchant, Bribe Branch


You were on level 7 of the Dungeon.
You worshipped Gozag.
Gozag was aware of your devotion.
You were a filthy swine.
You visited 1 branch of the dungeon, and saw 7 of its levels.

You collected 539 gold pieces.
You paid 74 gold pieces to Gozag.

Inventory:

Hand Weapons
 a - a +0 long sword
 h - a +0 sling
 j - a +1 short sword of venom
 z - a +2 short sword of draining
 B - a +4 flail of holy wrath (melded)
Missiles
 k - 63 stones (quivered)
 w - 2 javelins
Armour
 c - a +0 buckler (melded)
 o - a +0 helmet (melded)
 y - a +0 chain mail (melded)
 F - a +0 pair of gloves (melded)
Jewellery
 C - an amulet of regeneration (around neck)
Wands
 E - a wand of charming (4)
Scrolls
 b - 2 scrolls of fog {unknown}
 e - 3 scrolls of poison {unknown}
 l - 4 scrolls of teleportation {unknown}
 m - a scroll of enchant weapon {unknown}
 r - a scroll of vulnerability {unknown}
 s - 6 scrolls of identify {unknown}
 t - 2 scrolls of amnesia {unknown}
 u - 2 scrolls of fear {unknown}
 v - 2 scrolls of magic mapping {unknown}
 D - a scroll of enchant armour {unknown}
 G - 2 scrolls of blinking {unknown}
Potions
 d - a potion of might
 f - 3 potions of flight
 g - 2 potions of curing
 i - 2 potions of cancellation {unknown}
 n - 2 potions of haste
 p - 2 potions of degeneration {unknown}
 q - a potion of heal wounds {unknown}
 x - a potion of brilliance {unknown}
 A - a potion of attraction {unknown}


   Skills:
 - Level 4.8 Fighting
 - Level 5.8 Long Blades
 + Level 6.6 Maces & Flails
 - Level 4.9 Armour
 - Level 4.8 Shields


You had 8 spell levels left.
You didn't know any spells.
Your spell library contained the following spells:

 Spells                   Type           Power      Damage    Failure   Level
 Apportation              Tloc           0%         N/A       36%         1
 Necrotise                Necr           0%         1d4       36%         1
 Summon Small Mammal      Summ           0%         N/A       36%         1
 Vhi's Electric Charge    Tloc/Air       0%         N/A       75%         3
 Arcjolt                  Conj/Air       0%         1d10      100%        5
 Plasma Beam              Fire/Air       0%         2x1d11    100%        6


Dungeon Overview and Level Annotations

Branches:
Dungeon (7/15)
 Temple: D:4-7

Altars:
Ashenzari
Elyvilon
Gozag
The Shining One

Annotations:
D:5 1 runed translucent door, Crazy Yiuf
D:7 Pikel


Message History

The lemure is lightly wounded.
The lemure shouts!
The lemure barely misses you.
You thump the lemure!
The lemure convulses!
You kill the lemure!
That felt strangely unrewarding.
You hit something. Something hits you! Something freezes you.
You hit something but do no damage. Something hits you. Something freezes you.
You hear a zap.
Something tries to affect you, but you resist.
You barely miss something. Something hits you but does no damage.
You barely miss something.
You hear a zap.
You turn into a filthy swine.
Your +4 flail of holy wrath melds into your body.
Your +0 helmet melds into your body.
Your +0 pair of gloves melds into your body.
Your +0 buckler melds into your body.
Your +0 chain mail melds into your body.
Your +4 flail of holy wrath stops glowing.
You feel better. Something hits you! Something freezes you.
Okay, then.
You miss something. Something hits you. Something freezes you.
You miss something. You miss something. Something hits you!
Something freezes you.
You hit something but do no damage. Something hits you! Something freezes you.
You hit something but do no damage. Something hits you!
* * * LOW HITPOINT WARNING * * *
Something freezes you.
* * * LOW HITPOINT WARNING * * *
A water moccasin comes into view.
You feel better. Something hits you!
* * * LOW HITPOINT WARNING * * *
Something freezes you.
* * * LOW HITPOINT WARNING * * *
It was a potion of haste.
You feel yourself speed up.
The water moccasin hisses angrily.
Something hits you.
You die...
Your body crumbles into a pile of gold.

##..#......# #......#
...........# #.#.....
##..#......####.#.##.#
.......)..+..........
#S.##.....###........
+..#........'........
##.#.########........
+..........##........
##.#h##....##........
+..#.##....##........
####5##....##........
#55...............
#.................
########........... ..
...................
######............
#............


You could see a water moccasin and 3 lemures.

Vanquished Creatures
  A steam dragon (D:6)
  Edmund (D:5)
  An ice beast (D:5)
  A sky beast (D:7)
  An ogre (D:6)
  A lemure (D:7)
  A kobold brigand (D:4)
  A phantom (D:3)
  A bullfrog (D:6)
  3 scorpions
  A howler monkey (D:6)
  4 hounds
  2 quasits (D:4)
  4 orc priests
  A sleepcap (D:6)
  2 iguanas (D:6)
  2 orc wizards
  Robin (D:2)
  9 adders
  4 shadow imps (D:4)
  A white imp (D:5)
  3 ufetubi (D:4)
  4 worms (D:2)
  4 dart slugs
  28 orcs
  8 bats
  4 endoplasms
  5 giant cockroaches
  9 goblins
  16 hobgoblins
  2 jackals (D:4)
  A quokka (D:2)
  8 ball pythons
  2 frilled lizards
  3 kobolds
  4 rats
144 creatures vanquished.

Vanquished Creatures (others)
  An ufetubus (D:6)
1 creature vanquished.

Grand Total: 145 creatures vanquished

Notes
Turn   | Place    | Note
-------+----------+-------------------------------------------
     0 | D:1      | seaoflcl the Human Fighter began the quest for the Orb.
     0 | D:1      | Reached XP level 1. HP: 18/18 MP: 1/1
   137 | D:1      | Reached XP level 2. HP: 24/24 MP: 2/2
   706 | D:1      | Reached XP level 3. HP: 29/29 MP: 3/3
  1329 | D:2      | Reached XP level 4. HP: 35/35 MP: 4/4
  1630 | D:2      | Noticed Robin
  1648 | D:2      | Killed Robin
  1764 | D:2      | You fall into a shaft and drop 2 floors!
  1860 | D:4      | Noticed a phantom
  1909 | D:3      | Reached XP level 5. HP: 41/41 MP: 5/5
  3810 | D:3      | Killed a phantom
  3811 | D:3      | Reached XP level 6. HP: 16/48 MP: 6/6
  4238 | D:4      | Found a white marble altar of Elyvilon.
  4685 | D:4      | Reached XP level 7. HP: 47/54 MP: 7/7
  4715 | D:4      | Reached skill level 5 in Long Blades
  5926 | D:5      | Entered Level 5 of the Dungeon
  6166 | D:5      | Found an opulent altar of Gozag.
  6176 | D:5      | Reached XP level 8. HP: 50/61 MP: 8/8
  6180 | D:5      | Became a worshipper of Gozag Ym Sagoz the Greedy
  6270 | D:5      | Noticed Edmund
  6302 | D:5      | Killed Edmund
  6470 | D:5      | Reached skill level 2 in Maces & Flails
  6724 | D:5      | Found a runed translucent door.
  6725 | D:5      | Noticed Crazy Yiuf
  6853 | D:6      | Reached skill level 3 in Maces & Flails
  6853 | D:6      | Found a glowing golden altar of the Shining One.
  6897 | D:6      | Reached skill level 4 in Maces & Flails
  7132 | D:6      | Reached skill level 5 in Maces & Flails
  7200 | D:6      | Reached XP level 9. HP: 67/67 MP: 9/9
  7381 | D:6      | Found a broken altar of Ashenzari.
  7392 | D:6      | Reached skill level 6 in Maces & Flails
  7794 | D:7      | Noticed Pikel
  7824 | D:7      | Slain by Pikel

Illustrated notes

Levels and vault maps discovered:
D:1:      wander_arrival_estate, layout_loops_ring
D:2:      layout_loops_corners, kennysheep_cross_room, uniq_robin
D:3:      layout_loops_corners, kennysheep_decorative_pillar,
          minmay_stone_trees_small
D:4:      layout_basic, nicolae_elyvilon_peaceful_grove, serial_demonic,
          serial_demonic_e, serial_demonic_a, serial_demonic_a,
          serial_demonic_g, serial_demonic_a, skrybe_limestone_x, st_stairs_8,
          kennysheep_generic_room_7
D:5:      layout_rooms, nicolae_gozag_cash_rules_everything_around_me,
          serial_glass, glass_columns_c, glass_columns_b, glass_columns_a,
          glass_columns_a, glass_columns_a, uniq_crazy_yiuf_cottage, uniq_edmund
D:6:      layout_basic, mainiacjoe_overflow_catwalk_spiral
D:7:      layout_basic, lightli_temple_of_fire, lemuel_coloured_pillars_altar,
          minmay_temple_entry_tees, serial_shops,
          nicolae_shop_temple_entry_statues_fountains, uniq_joseph, uniq_pikel

Skill      XL: |  1  2  3  4  5  6  7  8  9 |
---------------+----------------------------+-----
Long Blades    | 3 4 5 |  5.8
Fighting       | 4 |  4.8
Armour         | 4 |  4.9
Shields        | 4 |  4.8
Maces & Flails | 5 6 |  6.6

Action                     |  1- 3 |  4- 6 |  7- 9 || total
---------------------------+-------+-------+-------++-------
  Melee: Long sword        |    34 |       |       ||    34
         Short sword       |    47 |   264 |   161 ||   472
         Flail             |       |       |   117 ||   117
         Unarmed           |       |       |     5 ||     5
    Use: Potion            |     2 |     1 |     3 ||     6
   Stab: Distracted        |       |       |     1 ||     1
 Armour: Scale mail        |    29 |   137 |       ||   166
         Chain mail        |       |    41 |   136 ||   177
  Dodge: Dodged            |    28 |   145 |    84 ||   257
  Block: Buckler           |    16 |    54 |    51 ||   121
